 Dungeon Crawl Stone Soup version 0.30-a0-634-g8abc85282e (webtiles) character file.

Game seed: 14624072659989197201

20626 mampy3000 the Protected (level 12, 0/112 HPs)
             Began as a Minotaur Berserker on Jan 14, 2023.
             Was an Elder of Trog.
             Slain by a hog (14 damage)
             ... led by Kirke
             ... on level 13 of the Dungeon.
             The game lasted 00:25:37 (10198 turns).

mampy3000 the Protected (Minotaur Berserker)       Turns: 10198, Time: 00:25:38

Health: 0/112      AC:  0    Str: 21    XL:     12   Next: 47%
Magic:  11/11      EV: 17    Int:  4    God:    Trog [****..]
Gold:   798        SH:  5    Dex: 16    Spells: 11/11 levels left

rFire   . . .      SeeInvis .    (weapon currently unavailable)
rCold   . . .      Faith    .    (shield currently unavailable)
rNeg    . . .      Spirit   .    (body armour currently unavailable)
rPois   .          Reflect  +    (helmet currently unavailable)
rElec   .          Harm     .    (cloak currently unavailable)
rCorr   .          Rampage  .    (gloves currently unavailable)
Will    .....                    (boots currently unavailable)
Stlth   ++                       z - amulet of reflection
HPRegen 0.38/turn                (ring currently unavailable)
MPRegen 0.12/turn                (ring currently unavailable)

@: pig-form, on berserk cooldown, slowed
A: fast, no casting, small, (horns 2), (retaliatory headbutt)
a: Renounce Religion, Berserk, Trog's Hand, Brothers in Arms


You were on level 13 of the Dungeon.
You worshipped Trog.
Trog was greatly pleased with you.
You were a filthy swine.
You visited 1 branch of the dungeon, and saw 13 of its levels.

You collected 798 gold pieces.

Inventory:

Hand Weapons
 q - the +8 dagger of Hacking and Slashing (melded) {spect, Fly Int+2}
   (You found it on level 3 of the Dungeon)

   Int:       It affects your intelligence (+2).
   Fly:       It grants you flight.
 E - a +0 whip
Missiles
 F - a throwing net
Armour
 j - a +2 pair of boots (melded)
 w - a +1 chain mail
 C - a +0 cloak (melded)
 G - a +1 pair of gloves (melded)
 K - a +2 plate armour (melded)
Jewellery
 y - a +4 ring of slaying (melded)
 z - an amulet of reflection (around neck)
 A - an amulet of faith
 H - a ring of protection from fire (melded)
Wands
 a - a wand of roots (16)
 m - a wand of mindburst (24)
 r - a wand of paralysis (11)
 v - a wand of flame (10) (quivered)
 B - a wand of polymorph (7)
Scrolls
 d - a scroll of enchant armour
 e - 3 scrolls of enchant weapon
 f - a scroll of fog
 k - 3 scrolls of amnesia
 n - 5 scrolls of identify
 p - 4 scrolls of blinking
 u - 5 scrolls of teleportation
 D - 4 scrolls of magic mapping
 L - a scroll of torment {unknown}
Potions
 b - 2 potions of flight {unknown}
 c - 6 potions of attraction
 g - 3 potions of brilliance {unknown}
 h - 6 potions of ambrosia {unknown}
 i - a potion of mutation {unknown}
 l - 2 potions of heal wounds {unknown}
 o - 3 potions of cancellation {unknown}
 s - 2 potions of berserk rage {unknown}
 t - 3 potions of haste {unknown}
 x - 2 potions of curing {unknown}
 I - a potion of degeneration {unknown}
 J - a potion of magic {unknown}


   Skills:
 + Level 12.1 Fighting
 + Level 11.4 Short Blades
 + Level 6.9 Maces & Flails
 + Level 14.6 Armour
 + Level 6.3 Dodging
 + Level 2.9 Stealth
 + Level 4.7 Shields
 + Level 2.0 Evocations


You had 11 spell levels left.
You didn't know any spells.
Your spell library was empty.

Dungeon Overview and Level Annotations

Branches:
Dungeon (13/15)            Temple (0/1) D:5            Lair (0/5) D:8
    Orc (0/2) D:12
 Vaults: D:13-14

Altars:
Ashenzari
Cheibriados
Gozag
Makhleb
Nemelex Xobeh
Ru
Uskayaw
Wu Jian
Xom
Yredelemnul
Zin

Shops:
D:8 (

Annotations:
D:5 2 transporters, Dordric's ghost, amateur DrWr
D:13 Kirke


Innate Abilities, Weirdness & Mutations

You are a filthy swine.
You move quickly.
Your equipment is almost entirely melded.
You are incapable of wielding weapons or throwing items.
You cannot cast spells.
((You have a pair of horns on your head.))
((You reflexively headbutt those who attack you in melee.))


Message History

You barely miss Kirke.
Kirke is heavily wounded.
You block the hog's attack.
Kirke casts a spell.
Kirke summons a lindwurm!
A large slime creature splits.
You bite Kirke!
Kirke is heavily wounded.
The hog bites you! You block the hog's attack.
You bite Kirke!
Kirke is heavily wounded.
The slime creature hits you. Kirke casts a spell at you.
You struggle to resist.
The slime creature hits you!
You bite Kirke!
Kirke is severely wounded.
You block the hog's attack. The hog bites you.
* * * LOW HITPOINT WARNING * * *
You hit Kirke.
Kirke is severely wounded.
You block the slime creature's attack. Kirke hits you!
* * * LOW HITPOINT WARNING * * *
The hog bites you.
* * * LOW HITPOINT WARNING * * *
You block the hog's attack.
You closely miss Kirke.
Kirke is severely wounded.
The slime creature closely misses you.
You closely miss Kirke.
Kirke is severely wounded.
You are no longer berserk.
You are exhausted.
You feel yourself slow down. The hog closely misses you. The hog misses you.
Kirke points at you and mumbles some strange words.
You struggle to resist.
The slime creature misses you. The slime creature hits you!
* * * LOW HITPOINT WARNING * * *
You hit Kirke.
Kirke is severely wounded.
The hog misses you. The hog bites you!
You die... ........... ......... ....... ...[. #...# +...# #J..# #h@.# #hJk+

#hJ.# #†..# #...# #
#######...#####...#
...................
........#...........#
.........#...........#
.........#...........#


You could see Kirke, 3 slime creatures, a lindwurm (summoned) and 2 hogs.

Vanquished Creatures
  A boulder beetle (D:10)
  3 two-headed ogres
  Sonja (D:13)
  Lodul (D:13)
  A deep elf pyromancer (D:12)
  2 cyclopes (D:11)
  A manticore (D:6)
  Maurice (D:9)
  Joseph (D:8)
  A komodo dragon (D:12)
  2 unseen horrors (D:12)
  A kobold demonologist (D:12)
  2 trolls
  Grinder (D:3)
  2 hornets
  A slime creature (D:13)
  2 shadows
  36 yaks
  3 wyverns
  A hog (D:13)
  10 vampire mosquitoes
  2 basilisks (D:8)
  A steam dragon (D:9)
  A warg (D:12)
  Edmund (D:4)
  2 water moccasins
  2 acid dragons
  2 ice beasts
  5 orc warriors
  A black bear (D:7)
  7 ogres (D:13)
  2 phantoms
  Blork the orc (D:4)
  2 kobold brigands
  2 bullfrogs
  A necrophage (D:4)
  A gnoll sergeant (D:11)
  5 scorpions
  5 wights (D:9)
  9 killer bees
  4 howler monkeys
  2 hounds (D:6)
  3 jellies
  8 orc priests
  10 orc wizards
  5 iguanas
  7 adders
  5 gnolls (D:11)
  A shadow imp (D:5)
  A white imp (D:7)
  A worm (D:2)
  3 dart slugs
  44 orcs
  4 endoplasms
  2 giant cockroaches
  8 goblins
  8 hobgoblins
  8 quokkas
  7 ball pythons
  16 bats
  4 frilled lizards
  14 kobolds
  4 rats
295 creatures vanquished.

Vanquished Creatures (collateral kills)
  A manticore (D:11)
1 creature vanquished.

Vanquished Creatures (others)
  2 fungi (D:8)
  16 plants (D:8)
18 creatures vanquished.

Grand Total: 314 creatures vanquished

Notes
Turn   | Place    | Note
-------+----------+-------------------------------------------
     0 | D:1      | mampy3000 the Minotaur Berserker began the quest for the
                  | Orb.
     0 | D:1      | Reached XP level 1. HP: 19/19 MP: 0/0
   191 | D:1      | Reached XP level 2. HP: 27/27 MP: 1/1
   434 | D:1      | Reached ** piety under Trog
   435 | D:1      | Reached XP level 3. HP: 33/33 MP: 2/2
  1023 | D:2      | Reached skill level 3 in Armour
  1027 | D:2      | Reached XP level 4. HP: 41/41 MP: 3/3
  1397 | D:3      | Noticed Grinder
  1406 | D:3      | Killed Grinder
  1407 | D:3      | Reached skill level 5 in Fighting
  1407 | D:3      | Reached skill level 5 in Maces & Flails
  1407 | D:3      | Reached skill level 4 in Armour
  1407 | D:3      | Reached XP level 5. HP: 48/48 MP: 4/4
  1407 | D:3      | Reached XP level 6. HP: 56/56 MP: 5/5
  1505 | D:3      | Identified the +8 dagger of Hacking and Slashing {spect,
                  | Fly Int+2}
  2154 | D:3      | Found an opulent altar of Gozag.
  2158 | D:3      | Found a basalt altar of Yredelemnul.
  2159 | D:3      | Found a sacrificial altar of Ru.
  2170 | D:3      | Found a burning altar of Makhleb.
  2173 | D:3      | Found a shimmering altar of Xom.
  2256 | D:4      | Found a snail-covered altar of Cheibriados.
  2328 | D:4      | Noticed Blork the orc
  2335 | D:4      | Killed Blork the orc
  2336 | D:4      | Reached skill level 5 in Armour
  2502 | D:4      | Reached *** piety under Trog
  2603 | D:4      | Reached skill level 1 in Short Blades
  2603 | D:4      | Reached XP level 7. HP: 55/61 MP: 6/6
  2629 | D:4      | Noticed Edmund
  2636 | D:4      | Killed Edmund
  3084 | D:5      | Entered Level 5 of the Dungeon
  3108 | D:5      | Reached skill level 6 in Armour
  3256 | D:5      | Found a transporter.
  3320 | D:5      | Reached XP level 8. HP: 70/70 MP: 7/7
  3343 | D:5      | Found a staircase to the Ecumenical Temple.
  3411 | D:5      | Reached skill level 7 in Armour
  3525 | D:5      | Reached **** piety under Trog
  3642 | D:5      | Noticed Dordric's ghost (amateur DrWr)
  3670 | D:5      | Found a transporter.
  3689 | D:6      | Noticed a manticore
  3693 | D:6      | Killed a manticore
  3694 | D:6      | Reached skill level 5 in Short Blades
  3738 | D:6      | Reached skill level 1 in Stealth
  3761 | D:6      | Reached skill level 8 in Armour
  3908 | D:7      | Reached XP level 9. HP: 67/78 MP: 8/8
  4219 | D:7      | Reached skill level 9 in Armour
  4229 | D:7      | Reached skill level 5 in Dodging
  4348 | D:7      | Found a glowing silver altar of Zin.
  4987 | D:8      | Noticed Joseph
  5011 | D:8      | Killed Joseph
  5012 | D:8      | Reached XP level 10. HP: 90/90 MP: 9/9
  5232 | D:8      | Paralysed by a hornet for 1 turns
  5238 | D:8      | Reached skill level 10 in Armour
  5446 | D:8      | Found Tuaniati's Weapon Boutique.
  5576 | D:8      | Found an ornate altar of the Wu Jian Council.
  5622 | D:8      | Found a staircase to the Lair.
  6107 | D:9      | Noticed Maurice
  6118 | D:9      | Killed Maurice
  6119 | D:9      | Reached skill level 11 in Armour
  6119 | D:9      | Reached skill level 1 in Shields
  6191 | D:9      | Reached skill level 10 in Fighting
  6471 | D:9      | Found a sparkling altar of Nemelex Xobeh.
  6481 | D:9      | Reached XP level 11. HP: 99/99 MP: 10/10
  6712 | D:9      | You are sucked into a shaft and drop 2 floors!
  7101 | D:10     | Entered Level 10 of the Dungeon
  7196 | D:10     | Reached skill level 10 in Short Blades
  7225 | D:10     | Found a hide-covered altar of Uskayaw.
  7297 | D:10     | Noticed a boulder beetle
  7320 | D:10     | Killed a boulder beetle
  7321 | D:10     | Reached skill level 12 in Armour
  7513 | D:10     | Found a broken altar of Ashenzari.
  7868 | D:11     | Reached skill level 1 in Evocations
  8498 | D:11     | Reached skill level 13 in Armour
  8908 | D:12     | Noticed a two-headed ogre
  8910 | D:12     | Noticed a two-headed ogre
  8929 | D:12     | Killed a two-headed ogre
  8952 | D:12     | Reached XP level 12. HP: 81/110 MP: 11/11
  8960 | D:12     | Killed a two-headed ogre
  9544 | D:12     | Found a staircase to the Orcish Mines.
  9645 | D:12     | Reached skill level 14 in Armour
  9818 | D:13     | Noticed Lodul
  9823 | D:13     | Noticed a two-headed ogre
  9828 | D:13     | Killed Lodul
  9845 | D:13     | Killed a two-headed ogre
  9992 | D:13     | Noticed Sonja
 10003 | D:13     | Killed Sonja
 10158 | D:13     | Noticed Kirke
 10198 | D:13     | Slain by a hog

Illustrated notes

Levels and vault maps discovered:
D:1:      lemuel_arrival_muddy, layout_rooms, minmay_pentomino_p2
D:2:      layout_basic, kennysheep_big_empty_room
D:3:      layout_basic, minmay_overflow_temple_star_hex, roderic_batcave,
          uniq_grinder
D:4:      layout_basic, mainiacjoe_overflow_24_doors, uniq_blork_the_orc,
          uniq_edmund
D:5:      layout_rooms, minmay_temple_entry_fiery, gammafunk_ghost_mausoleum,
          palyth_stone_intersect
D:6:      black_bear_nest_2, layout_basic, uniq_duvessa
D:7:      nicolae_cairo_tiling_large, layout_gridville, zin_statuary
D:8:      layout_loops_corners, mainiacjoe_overflow_chevrons,
          minmay_lair_entry_grove, serial_shops, nicolae_shop_hallway_plus,
          minmay_increasing_density, uniq_joseph
D:9:      layout_long_grid, mainiacjoe_overflow_concentric_impassable,
          uniq_maurice
D:10:     layout_roguey, nicolae_overflow_hidden_temple,
          nicolae_overflow_crystal_walls
D:11:     layout_stronghold
D:12:     layout_roguey, erik_orc_4
D:13:     minmay_the_grid_triangle_9x9_rhombus_full
          [minmay_the_grid_triangle_9x9_dagger,
          minmay_the_grid_triangle_9x9_sprig,
          minmay_the_grid_triangle_9x9_cache,
          minmay_the_grid_triangle_9x9_corrupted_corridor,
          minmay_the_grid_triangle_9x9_warning,
          minmay_the_grid_triangle_9x9_minimal,
          minmay_the_grid_triangle_9x9_shrine,
          minmay_the_grid_triangle_9x9_prize_special], layout_basic,
          david_vaults_1, uniq_lodul, uniq_sonja, uniq_kirke

Skill      XL: |  1  2  3  4  5  6  7  8  9 10 11 12 |
---------------+-------------------------------------+-----
Maces & Flails | 4 5 6 |  6.9
Fighting       | 4 5 6 8 10 11 12 | 12.1
Armour         | 3 4 5 6 8 9 11 13 14 | 14.6
Dodging        | 3 4 5 6 |  6.3
Short Blades   | 1 3 6 8 9 10 11 | 11.4
Stealth        | 1 2 |  2.9
Shields        | 1 4 |  4.7
Evocations     | 1 2 |  2.0

Action                   |  1- 3 |  4- 6 |  7- 9 | 10-12 || total
-------------------------+-------+-------+-------+-------++-------
Melee: Mace              |    39 |       |       |       ||    39
       Headbutt          |    14 |     8 |    32 |    87 ||   141
       Whip              |    47 |    23 |       |       ||    70
       Dagger            |       |    46 |   163 |   337 ||   546
       Punch             |       |       |     1 |     5 ||     6
       Unarmed           |       |       |       |    28 ||    28
Invok: Berserk           |     1 |     1 |     5 |    11 ||    18
       Trog's Hand       |       |       |     1 |     4 ||     5
       Brothers in Arms  |       |       |       |     1 ||     1
Evoke: Wand              |       |       |       |     8 ||     8
  Use: Scroll            |       |     8 |     3 |     6 ||    17
 Stab: Distracted        |       |       |     1 |     1 ||     2
Armor: Animal skin       |     2 |       |       |       ||     2
       Scale mail        |    46 |    32 |       |       ||    78
       Chain mail        |       |     2 |    78 |    80 ||   160
       Plate armour      |       |       |       |    52 ||    52
Dodge: Dodged            |    69 |    38 |    59 |   125 ||   291
Block: Other             |       |       |     4 |    72 ||    76
       Reflection        |       |       |     1 |     2 ||     3

Table legend: (Time is in decaauts)
 A = Elapsed time spent in this place.
 B = Non-inter-level travel time spent in this place.
 C = Inter-level travel time spent in this place.
 D = Time resting spent in this place.
 E = Time spent auto-exploring this place.
 F = Levels seen in this place.
 G = Mean time per level.
                   A        B        C        D        E       F      G
               +--------+--------+--------+--------+--------+-----+--------+
         Total |  10149 |   9782 |    367 |      0 |   8028 |  13 |  780.7 |
       Dungeon |  10149 |   9782 |    367 |      0 |   8028 |  13 |  780.7 |
               +--------+--------+--------+--------+--------+-----+--------+

Top non-repeatable levels by time:
    D:11: 1607 daAuts
     D:8: 1218 daAuts
     D:7: 986 daAuts
    D:12: 946 daAuts
     D:3: 862 daAuts
     D:4: 843 daAuts
     D:2: 823 daAuts
     D:9: 609 daAuts
     D:5: 598 daAuts
     D:1: 586 daAuts
    D:10: 488 daAuts
    D:13: 369 daAuts
     D:6: 209 daAuts
